 Dungeon Sprint DCSS version 0.27-a0-1278-g6cbc8dfb29 (webtiles) character file.

Game seed: 3564182573954030222

227 mhtbhm the Skirmisher (level 5, -6/49 HPs)
             Began as a Demonspawn Berserker on June 12, 2021.
             Was a Priest of Trog.
             Mangled by a scorpion (8 damage)
             ... in the Dungeon (Sprint IV: "Fedhas' Mad Dash").
             The game lasted 00:01:31 (441 turns).

mhtbhm the Skirmisher (Demonspawn Berserker)         Turns: 441, Time: 00:01:32

Health: -6/49      AC:  4    Str: 18    XL:     5   Next: 70%
Magic:  5/5        EV: 13    Int:  9    God:    Trog [***...]
Gold:   60         SH:  0    Dex: 12    Spells: 4/4 levels left

rFire    . . .     SeeInvis .   a - +0 mace
rCold    . . .     Faith    .   (no shield)
rNeg     . . .     Spirit   .   b - +0 animal skin
rPois    .         Reflect  .   (no helmet)
rElec    .         Harm     .   (no cloak)
rCorr    .         Rampage  .   (no gloves)
Will     .....     NoTele   +   (no boots)
Stlth    +.........             j - amulet of invisibility {+Inv}
HPRegen  0.16/turn              (no ring)
MPRegen  0.09/turn              (no ring)

@: lethally poisoned (-6 -> -7), on berserk cooldown, very slightly
contaminated, slowed, very slow
A: icy blue scales 1, demonic magic 1
a: Renounce Religion, Evoke Invisibility, Berserk, Trog's Hand


You were in the Dungeon.
You worshipped Trog.
Trog was most pleased with you.
You visited 1 branch You collected 60 gold pieces.

Inventory:

Hand Weapons
 a - a +0 mace (weapon)
Armour
 b - a +0 animal skin (worn)
Jewellery
 j - the amulet of invisibility (around neck) {+Inv}
   (You found it in the Dungeon)

   [amulet of nothing]

   It lets you turn invisible.
Scrolls
 h - a scroll of blinking
 i - 2 scrolls of identify {unknown}
Potions
 c - a potion of curing
 e - a potion of haste
 f - 2 potions of magic
 g - a potion of berserk rage


   Skills:
 + Level 7.7 Fighting
 + Level 7.3 Maces & Flails
 + Level 3.6 Armour
 + Level 4.2 Dodging
 + Level 0.5 Stealth
 + Level 1.3 Evocations


You had 4 spell levels left.
You didn't know any spells.
Your spell library was empty.

Dungeon Overview and Level Annotations

Branches:
Dungeon (1/1)

Altars:
Cheibriados
Dithmenos
Elyvilon
Gozag
Hepliaklqana
Kikubaaqudgha
Makhleb
Nemelex Xobeh
Okawaru
Qazlal
Ru
Sif Muna
Trog
Uskayaw
Vehumet
Wu Jian
Xom
Yredelemnul
Zin
The Shining One
Beogh
Jiyva
Lugonu


Innate Abilities, Weirdness & Mutations

You are partially covered in icy blue scales. (AC +2)
Spells you cast may paralyse adjacent enemies.


Message History

Unknown command.
Your skin crawls.
You feel strong-willed.
You flicker back into view.
The scorpion closely misses you.
The spriggan hits you with a +0 short sword!
* * * LOW HITPOINT WARNING * * *
Unknown command.
You feel much better.
You feel the effects of Trog's Hand fading.
The scorpion closely misses you. The spriggan completely misses you.
The scorpion stings you.
You are poisoned.
The scorpion poisons you! The spriggan closely misses you.
Unknown command.
Okay, then.
You closely miss the spriggan.
You feel very sick. The scorpion completely misses you.
The spriggan closely misses you. The scorpion stings you!
Unknown command.
You hit the spriggan.
The spriggan is severely wounded.
You feel sick.
The spriggan hits you with a +0 short sword.
The scorpion stings you!
* * * LOW HITPOINT WARNING * * *
The spriggan barely misses you. The scorpion closely misses you.
You barely miss the spriggan.
The spriggan is severely wounded.
You feel sick. The scorpion stings you.
* * * LOW HITPOINT WARNING * * *
The spriggan barely misses you. The scorpion stings you!
* * * LOW HITPOINT WARNING * * *
You hit the spriggan.
You kill the spriggan!
Trog accepts your kill.
Your skin stops crawling.
You feel less strong-willed.
* * * LOW HITPOINT WARNING * * *
You feel sick. The scorpion stings you!
You die...

#####################
.⌠._._._._.⌠.#.[@)..#
.._._._._._..'..#s.$#
..._._._._...#..###+#
.._._._._._..#.?#
._._._._._.⌠.####
##############


You could see a scorpion.

Vanquished Creatures
  A scorpion (D)
  4 oklob saplings (D)
  2 spriggans (D)
  A river rat (D)
  A rat (D)
9 creatures vanquished.

Notes
Turn   | Place    | Note
-------+----------+-------------------------------------------
     0 | D        | mhtbhm the Demonspawn Berserker began the quest for the
                  | Orb.
     0 | D        | Reached XP level 1. HP: 18/18 MP: 1/1
    15 | D        | Gained mutation: Spells you cast may paralyse adjacent
                  | enemies. [demonic ancestry]
    15 | D        | Reached XP level 2. HP: 25/25 MP: 2/2
    63 | D        | Noticed an oklob sapling
    65 | D        | Killed an oklob sapling
    65 | D        | Reached ** piety under Trog
    66 | D        | Reached XP level 3. HP: 30/32 MP: 3/3
   169 | D        | Noticed a scorpion
   170 | D        | Found the amulet of invisibility {+Inv}
   177 | D        | Killed a scorpion
   178 | D        | Reached skill level 5 in Maces & Flails
   178 | D        | Gained mutation: You are partially covered in icy blue
                  | scales. (AC +2) [demonic ancestry]
   178 | D        | Reached XP level 4. HP: 35/40 MP: 4/4
   364 | D        | Found an opulent altar of Gozag.
   364 | D        | Found a hazy altar of Hepliaklqana.
   364 | D        | Found a burning altar of Makhleb.
   364 | D        | Found a sparkling altar of Nemelex Xobeh.
   364 | D        | Found a snail-covered altar of Cheibriados.
   364 | D        | Found a sacrificial altar of Ru.
   364 | D        | Found a shimmering blue altar of Sif Muna.
   364 | D        | Found a shimmering altar of Xom.
   364 | D        | Found a basalt altar of Yredelemnul.
   365 | D        | Found a viscous altar of Jiyva.
   365 | D        | Found a bloodstained altar of Trog.
   365 | D        | Found an ornate altar of the Wu Jian Council.
   366 | D        | Found an iron altar of Okawaru.
   366 | D        | Found a shadowy altar of Dithmenos.
   367 | D        | Found an ancient bone altar of Kikubaaqudgha.
   367 | D        | Found a hide-covered altar of Uskayaw.
   368 | D        | Found a stormy altar of Qazlal.
   369 | D        | Found a corrupted altar of Lugonu.
   369 | D        | Found a radiant altar of Vehumet.
   379 | D        | Reached XP level 5. HP: 48/48 MP: 3/5
   423 | D        | Reached *** piety under Trog
   424 | D        | Reached skill level 1 in Evocations
   441 | D        | HP: 2/49 [poisoned by a scorpion]
   441 | D        | Mangled by a scorpion

Illustrated notes

Levels and vault maps discovered:
D:        dungeon_sprint_fedhas [sprint_temple]

Skill      XL: |  1  2  3  4  5 |
---------------+----------------+-----
Maces & Flails | 3 4 5 6 7 |  7.3
Armour         | 2 3 |  3.6
Dodging        | 2 3 4 |  4.2
Fighting       | 4 6 7 |  7.7
Evocations     | 1 |  1.3
Stealth        | |  0.5

Action                   |  1- 3 |  4- 6 || total
-------------------------+-------+-------++-------
Melee: Mace              |    17 |    21 ||    38
Invok: Berserk           |     3 |     3 ||     6
       Trog's Hand       |       |     1 ||     1
 Abil: Evoke Invisibilit |       |     2 ||     2
  Use: Potion            |       |     2 ||     2
 Stab: Sleeping          |       |     1 ||     1
Armor: Animal skin       |     1 |       ||     1
Dodge: Dodged            |    11 |    18 ||    29

Table legend: (Time is in decaauts)
 A = Elapsed time spent in this place.
 B = Non-inter-level travel time spent in this place.
 C = Inter-level travel time spent in this place.
 D = Time resting spent in this place.
 E = Time spent auto-exploring this place.
 F = Levels seen in this place.
 G = Mean time per level.
                   A        B        C        D        E       F      G
               +--------+--------+--------+--------+--------+-----+--------+
         Total |    488 |    488 |      0 |    357 |      0 |   1 |  488.0 |
       Dungeon |    488 |    488 |      0 |    357 |      0 |   1 |  488.0 |
               +--------+--------+--------+--------+--------+-----+--------+

Top non-repeatable levels by time:
       D: 488 daAuts
